 Dungeon Crawl Stone Soup version 0.30-a0-4-ga7cffc901d (webtiles) character file.

Game seed: 16629293283093829661

26451 SensoryNuts the Severer (level 12, -6/109 HPs)
             Began as a Demonspawn Fighter on Aug 20, 2022.
             Was the Champion of Jiyva.
             Mangled by a 12-headed hydra (11 damage)
             ... on level 3 of the Lair of Beasts.
             The game lasted 00:19:18 (12804 turns).

SensoryNuts the Severer (Demonspawn Fighter)       Turns: 12804, Time: 00:19:18

Health: -6/109     AC: 14    Str: 20    XL:     12   Next: 98%
Magic:  8/12       EV: 13    Int: 14    God:    Jiyva [******]
Gold:   646        SH:  6    Dex: 18    Spells: 11/11 levels left

rFire   . . .      SeeInvis .    e - +4 war axe (vamp)
rCold   . . .      Faith    .    c - +0 buckler
rNeg    . . .      Spirit   .    J - +0 troll leather armour
rPois   .          Reflect  .    (helmet restricted)
rElec   .          Harm     .    r - +2 cloak
rCorr   +          Rampage  .    (no gloves)
Will    .....      Clarity  +    (boots unavailable)
Stlth   ++........               x - amulet of regeneration
HPRegen 3.48/turn                I - +4 ring of protection
MPRegen 0.63/turn                h - +6 ring of dexterity

@: slimy (expiring)
A: hooves 3, rugged brown scales 2, powered by death 1, horns 1, clarity, clever
1, sense surroundings 3, robust 1
a: Renounce Religion, Oozemancy, Slimify


You were on level 3 of the Lair of Beasts.
You worshipped Jiyva.
Jiyva was exalted by your worship.
You visited 3 branches of the dungeon, and saw 14 of its levels.
You also visited: Sewer and Volcano.

You collected 923 gold pieces.
You spent 277 gold pieces at shops.

Inventory:

Hand Weapons
 a - a +0 war axe
 e - a +4 vampiric war axe (weapon)
Armour
 c - a +0 buckler (worn)
 m - a +0 plate armour
 r - a +2 cloak (worn)
 G - a +4 plate armour of fire resistance
 J - a +0 troll leather armour (worn)
 L - a scarf of shadows
Jewellery
 g - a ring of resist corrosion
 h - a +6 ring of dexterity (right hand)
 l - a ring of willpower
 o - a ring of protection from cold
 v - a +4 ring of evasion
 w - an amulet of guardian spirit
 x - an amulet of regeneration (around neck)
 E - a +4 ring of protection
 F - a ring of see invisible
 I - a +4 ring of protection (left hand)
 M - a ring of ice
Wands
 y - a wand of charming (8)
 A - a wand of mindburst (16)
Scrolls
 f - a scroll of brand weapon
 i - 4 scrolls of blinking
 q - 3 scrolls of fog
 B - a scroll of vulnerability
 C - a scroll of fear
 H - 2 scrolls of teleportation
Potions
 b - a potion of ambrosia
 d - 2 potions of might
 j - 3 potions of brilliance
 k - 3 potions of curing
 n - a potion of attraction
 p - 2 potions of cancellation
 s - 2 potions of resistance
 t - 2 potions of mutation
 u - 3 potions of heal wounds
 z - 2 potions of degeneration
 D - a potion of magic
 K - a potion of invisibility


   Skills:
 + Level 9.3 Fighting
 * Level 16.0 Axes
 + Level 6.9 Armour
 + Level 4.3 Dodging
 + Level 2.0 Stealth
 + Level 5.8 Shields


You had 11 spell levels left.
You didn't know any spells.
Your spell library contained the following spells:

 Spells                   Type           Power      Damage    Failure   Level
 Beastly Appendage        Tmut           0%         N/A       38%         1
 Foxfire                  Conj/Fire      0%         2x1d4     38%         1
 Freeze                   Ice            0%         1d3       38%         1
 Slow                     Hex            0%         N/A       38%         1
 Ensorcelled Hibernation  Hex/Ice        0%         N/A       54%         2
 Passwall                 Tmut/Erth      0%         N/A       54%         2
 Scorch                   Fire           0%         2d5       54%         2
 Wereblood                Tmut           0%         N/A       54%         2
 Confusing Touch          Hex            0%         N/A       77%         3
 Conjure Flame            Conj/Fire      0%         6-21      77%         3
 Frozen Ramparts          Ice            0%         1d1       77%         3
 Gell's Gravitas          Tloc           0%         N/A       77%         3
 Inner Flame              Hex/Fire       0%         N/A       77%         3
 Lesser Beckoning         Tloc           0%         N/A       77%         3
 Portal Projectile        Hex/Tloc       0%         N/A       77%         3
 Spider Form              Tmut/Pois      0%         N/A       77%         3
 Swiftness                Air            0%         N/A       77%         3
 Teleport Other           Tloc           0%         N/A       77%         3
 Tukima's Dance           Hex            0%         N/A       77%         3
 Flame Wave               Conj/Fire      0%         2d4       99%         4
 Hailstorm                Conj/Ice       0%         3d3       99%         4
 Blade Hands              Tmut           0%         N/A       100%        5
 Yara's Violent Unravell  Hex/Tmut       0%         3d3       100%        5
 Summon Cactus Giant      Summ           0%         N/A       100%        6
 Enfeeble                 Hex            0%         N/A       100%        7


Dungeon Overview and Level Annotations

Branches:
Dungeon (10/15)            Temple (1/1) D:6            Lair (3/5) D:10
 Shoals (0/4) Lair:2        Snake (0/4) Lair:2        Sewer (visited)
Volcano (visited)
    Orc: D:9-12

Altars:
Ashenzari
Cheibriados
Dithmenos
Fedhas
Gozag
Hepliaklqana
Kikubaaqudgha
Makhleb
Nemelex Xobeh
Okawaru
Qazlal
Ru
Sif Muna
Trog
Uskayaw
Vehumet
Wu Jian
Xom
Yredelemnul

Shops:
D:1 ?   D:4 *!!:   D:7 (


Innate Abilities, Weirdness & Mutations

You have hooves in place of feet.
You are mostly covered in rugged brown scales. (AC +2, +5% HP)
You regenerate a little health from kills.
You have a pair of small horns on your head.
You possess an exceptional clarity of mind.
Your mind is acute. (Int +4, Str/Dex -1)
You passively map a large area around you.
You are robust. (+10% HP)


Message History

The 12-headed hydra is almost dead.
The 12-headed hydra misses you. The 12-headed hydra barely misses you.
The 12-headed hydra bites you but does no damage. x2
The 12-headed hydra bites you.
* * * LOW HITPOINT WARNING * * *
The 12-headed hydra bites you but does no damage.
The 12-headed hydra barely misses you.
The 12-headed hydra bites you but does no damage.
The 12-headed hydra bites you!
* * * LOW HITPOINT WARNING * * *
The 12-headed hydra closely misses you.
You block the 12-headed hydra's attack. x2
A thick mucus forms on your +4 vampiric war axe.
The 12-headed hydra bites you!
* * * LOW HITPOINT WARNING * * *
The 12-headed hydra closely misses you. The 12-headed hydra bites you.
* * * LOW HITPOINT WARNING * * *
You block the 12-headed hydra's attack. The 12-headed hydra bites you.
* * * LOW HITPOINT WARNING * * *
The 12-headed hydra bites you but does no damage.
The 12-headed hydra closely misses you. The 12-headed hydra barely misses you.
You block the 12-headed hydra's attack. The 12-headed hydra barely misses you.
The 12-headed hydra bites you but does no damage.
The 12-headed hydra bites you.
* * * LOW HITPOINT WARNING * * *
You feel much better. The 12-headed hydra bites you!
* * * LOW HITPOINT WARNING * * *
The 12-headed hydra bites you.
* * * LOW HITPOINT WARNING * * *
The 12-headed hydra bites you but does no damage.
The 12-headed hydra bites you!
* * * LOW HITPOINT WARNING * * *
The 12-headed hydra bites you.
* * * LOW HITPOINT WARNING * * *
The 12-headed hydra barely misses you.
The 12-headed hydra bites you but does no damage.
The 12-headed hydra misses you. The 12-headed hydra barely misses you.
You block the 12-headed hydra's attack.
The 12-headed hydra bites you but does no damage.
The 12-headed hydra bites you!
You die...

#...#......##..#* ....###...#....
#....#..........##.....*#...##...
...........P#..###..... #...P#...
P..........##... ###....##.#
#....##..#..#..## , P#.......##.
.....##.##P....#####..#..........
#........................J.......
.................................
#........>......@D...............
..###..##.#...#..######......##..
#.#* #.#.##...#### #......#..#
..# ,.....##..# ##......#.. #.#
.......#..# *#......##..
..##..........## * ,#.#.........
#.##.......#...#*, ,. #......#..
...#......#...## +.....#...
#.P#.......#..# , * #.........


You could see a 12-headed hydra.

Vanquished Creatures
  A boulder beetle (D:10)
  7 two-headed ogres
  3 death yaks (Lair:1)
  The ghost of Newt the Thrower, a novice DsGl of Okawaru (D:10)
  3 salamanders (Volcano)
  A merfolk siren (Lair:2)
  4 black mambas
  A torpor snail (Lair:1)
  4 cane toads
  Maggie (D:7)
  A rime drake (Lair:1)
  An unseen horror (D:10)
  7 komodo dragons
  A troll (D:9)
  A polar bear (Lair:2)
  Prince Ribbit (D:9)
  A vampire (D:9)
  A shadow (D:10)
  2 wyverns (Lair:3)
  18 yaks
  2 basilisks
  2 fire bats (Volcano)
  3 steam dragons
  4 vampire mosquitoes (D:8)
  2 wargs (D:10)
  3 nagas (Lair:2)
  5 water moccasins
  3 hell hounds
  2 ice beasts
  3 orc warriors
  2 black bears
  4 sky beasts
  An ogre (D:4)
  2 wolves (Lair:3)
  3 centaurs
  3 phantoms
  4 kobold brigands
  A gnoll sergeant (D:9)
  9 bullfrogs
  7 scorpions
  2 necrophages (D:7)
  16 wights
  3 howler monkeys
  3 hounds
  6 orc priests
  2 jellies
  Jessica (D:3)
  An iguana (D:5)
  Terence (D:3)
  Natasha (thrice) (D:2)
  8 orc wizards
  5 gnolls (D:9)
  7 adders
  2 river rats
  3 ufetubi
  2 dart slugs
  34 orcs
  9 ball pythons
  4 bats
  20 endoplasms
  11 giant cockroaches
  8 goblins
  7 hobgoblins
  6 jackals
  7 quokkas
  9 frilled lizards
  25 kobolds
  11 rats
341 creatures vanquished.

Vanquished Creatures (collateral kills)
  Fannar (Lair:3)
  A lindwurm (Lair:3)
  A wolf (Lair:3)
3 creatures vanquished.

Vanquished Creatures (others)
  A fire bat (Volcano)
  A steam dragon (D:8)
  A wolf (Lair:3)
  A wight (D:8)
  8 jellies
  A shadow imp (D:6)
  2 orcs
  A ball python (Sewer)
  4 bushes (Lair:1)
  23 fungi
  39 plants
82 creatures vanquished.

Grand Total: 426 creatures vanquished

Notes
Turn   | Place    | Note
-------+----------+-------------------------------------------
     0 | D:1      | SensoryNuts the Demonspawn Fighter began the quest for the
                  | Orb.
     0 | D:1      | Reached XP level 1. HP: 18/18 MP: 1/1
   857 | D:1      | Gained mutation: You are partially covered in rugged brown
                  | scales. (AC +1, +3% HP) [demonic ancestry]
   857 | D:1      | Reached XP level 2. HP: 14/24 MP: 2/2
   982 | D:1      | Reached skill level 2 in Axes
   987 | D:1      | Found a faded altar of an unknown god.
  1370 | D:1      | Found Dippe's Magic Scroll Shoppe.
  1777 | D:1      | Gained mutation: You have large cloven feet. [demonic
                  | ancestry]
  1777 | D:1      | Reached XP level 3. HP: 25/29 MP: 3/3
  2305 | D:2      | Reached skill level 3 in Axes
  2503 | D:2      | Noticed Natasha
  2509 | D:2      | Killed Natasha
  2510 | D:2      | Gained mutation: You are mostly covered in rugged brown
                  | scales. (AC +2, +5% HP) [demonic ancestry]
  2510 | D:2      | Reached XP level 4. HP: 29/36 MP: 4/4
  3055 | D:3      | Identified a scroll of acquirement
  3059 | D:3      | Acquired a +0 vampiric war axe
  3073 | D:3      | Reached skill level 4 in Axes
  3075 | D:3      | Reached XP level 5. HP: 43/43 MP: 5/5
  3095 | D:3      | Noticed Terence
  3113 | D:3      | Killed Terence
  3394 | D:3      | Noticed Jessica
  3401 | D:3      | Killed Jessica
  3480 | D:3      | Got Jessica's Disquisition on Imprecation
  3953 | D:1      | Bought a scroll of identify for 26 gold pieces
  3953 | D:1      | Bought a scroll of identify for 26 gold pieces
  3953 | D:1      | Bought a scroll of enchant weapon for 97 gold pieces
  4001 | D:2      | Noticed Natasha
  4007 | D:2      | Killed Natasha
  4162 | D:2      | Noticed Natasha
  4165 | D:2      | Killed Natasha
  4170 | D:2      | Gained mutation: Your flesh is cold resistant. (rC+)
                  | [potion of mutation]
  4171 | D:2      | Lost mutation: Your flesh is cold resistant. (rC+) [potion
                  | of mutation]
  4171 | D:2      | Gained mutation: You are dopey. (Int -2) [potion of
                  | mutation]
  4171 | D:2      | Gained mutation: Your muscles are strong. (Str +4, Int/Dex
                  | -1) [potion of mutation]
  4265 | D:4      | Gained mutation: You have hoof-like feet. [demonic
                  | ancestry]
  4265 | D:4      | Reached XP level 6. HP: 49/49 MP: 6/6
  4281 | D:4      | Reached skill level 5 in Axes
  4323 | D:4      | Found Jaurug's General Store.
  4451 | D:4      | Bought a scroll of identify for 24 gold pieces
  4529 | D:4      | Found Viroatej's Distillery.
  4537 | D:4      | Found Zaisku's Distillery.
  4547 | D:4      | Bought a potion of mutation for 104 gold pieces
  4581 | D:4      | Reached XP level 7. HP: 27/55 MP: 7/7
  4735 | D:4      | Lost mutation: You are dopey. (Int -2) [potion of mutation]
  4735 | D:4      | Lost mutation: Your muscles are strong. (Str +4, Int/Dex
                  | -1) [potion of mutation]
  4735 | D:4      | Gained mutation: You have a somewhat thin skeletal
                  | structure. (Dex +2, Stealth+) [potion of mutation]
  4735 | D:4      | Gained mutation: You have a pair of small horns on your
                  | head. [potion of mutation]
  4735 | D:4      | Gained mutation: You are robust. (+10% HP) [potion of
                  | mutation]
  4771 | D:4      | Reached skill level 6 in Axes
  4839 | D:4      | Found Hopseheg's Book Boutique.
  5259 | D:5      | Entered Level 5 of the Dungeon
  5259 | D:5      | Found a bloodstained altar of Trog.
  5386 | D:5      | Reached skill level 7 in Axes
  5475 | D:5      | Reached XP level 8. HP: 68/69 MP: 8/8
  5892 | D:5      | Reached skill level 8 in Axes
  6076 | D:6      | Found a glowing drain.
  6083 | Sewer    | Entered a sewer
  6185 | Sewer    | Found a viscous altar of Jiyva.
  6195 | Sewer    | Became a worshipper of Jiyva Jonunieq the Shapeless
  6325 | D:6      | Reached skill level 9 in Axes
  6342 | D:6      | Gained mutation: You have hooves in place of feet. [demonic
                  | ancestry]
  6342 | D:6      | Reached XP level 9. HP: 64/77 MP: 9/9
  6438 | D:6      | Found a staircase to the Ecumenical Temple.
  6454 | Temple   | Entered the Ecumenical Temple
  6867 | D:6      | Reached * piety under Jiyva
  6882 | D:6      | Reached skill level 5 in Fighting
  7011 | D:7      | Reached skill level 10 in Axes
  7046 | D:7      | Identified the +0 scale mail "Susail" {Rampage rElec rN+
                  | Will-}
  7074 | D:7      | Found Zawig's Weapon Boutique.
  7296 | D:7      | Noticed Maggie
  7307 | D:7      | Killed Maggie
  7411 | D:7      | Reached ** piety under Jiyva
  7614 | D:8      | Reached skill level 5 in Armour
  7672 | D:8      | Reached skill level 11 in Axes
  7822 | D:8      | Reached XP level 10. HP: 58/87 MP: 10/10
  7971 | D:8      | Reached *** piety under Jiyva
  8098 | D:8      | Lost mutation: You have a somewhat thin skeletal structure.
                  | (Dex +2, Stealth+) [Jiyva's grace]
  8098 | D:8      | Gained mutation: You are very robust. (+20% HP) [Jiyva's
                  | grace]
  8098 | D:8      | Gained mutation: You are extremely robust. (+30% HP)
                  | [Jiyva's grace]
  8098 | D:8      | Gained mutation: Your mind is acute. (Int +4, Str/Dex -1)
                  | [Jiyva's grace]
  8098 | D:8      | Gained mutation: Your mind is very acute. (Int +8, Str/Dex
                  | -2) [Jiyva's grace]
  8190 | D:9      | Found an ornate altar of the Wu Jian Council.
  8555 | D:9      | Noticed Prince Ribbit
  8565 | D:9      | Killed Prince Ribbit
  8818 | D:9      | Noticed a two-headed ogre
  8830 | D:9      | Killed a two-headed ogre
  8831 | D:9      | Reached skill level 12 in Axes
  8831 | D:9      | Reached skill level 1 in Dodging
  8989 | D:10     | Entered Level 10 of the Dungeon
  8990 | D:10     | Found a staircase to the Lair.
  9033 | D:10     | Noticed a two-headed ogre
  9047 | D:10     | Killed a two-headed ogre
  9051 | D:10     | Gained mutation: You regenerate a little health from kills.
                  | [demonic ancestry]
  9051 | D:10     | Reached XP level 11. HP: 110/112 MP: 11/11
  9202 | D:10     | Noticed a two-headed ogre
  9210 | D:10     | Killed a two-headed ogre
  9227 | D:10     | Found a sparkling altar of Nemelex Xobeh.
  9295 | D:10     | Reached **** piety under Jiyva
  9351 | D:10     | Noticed a two-headed ogre
  9357 | D:10     | Killed a two-headed ogre
  9358 | D:10     | Reached skill level 13 in Axes
  9518 | D:10     | Found a runed translucent door.
  9518 | D:10     | Noticed Newt's ghost (novice DsGl)
  9519 | D:10     | Noticed a boulder beetle
  9599 | D:10     | Found a shimmering altar of Xom.
  9600 | D:10     | Found a shimmering altar of Xom.
  9601 | D:10     | Found a shimmering altar of Xom.
  9604 | D:10     | Found a shimmering altar of Xom.
  9604 | D:10     | Found a shimmering altar of Xom.
  9843 | D:10     | Noticed a two-headed ogre
  9853 | D:10     | Killed a two-headed ogre
 10128 | D:10     | Killed a boulder beetle
 10129 | D:10     | Reached skill level 5 in Shields
 10134 | D:10     | Killed Newt's ghost
 10196 | Lair:1   | Entered Level 1 of the Lair of Beasts
 10288 | Lair:1   | Reached skill level 1 in Stealth
 10364 | Lair:1   | Reached skill level 14 in Axes
 10464 | Lair:1   | Noticed a death yak
 10464 | Lair:1   | Noticed a death yak
 10465 | Lair:1   | Noticed a death yak
 10467 | Lair:1   | Noticed a death yak
 10467 | Lair:1   | Noticed a death yak
 10503 | Lair:1   | Killed a death yak
 10513 | Lair:1   | Killed a death yak
 10525 | Lair:1   | Killed a death yak
 10526 | Lair:1   | Reached XP level 12. HP: 105/125 MP: 12/12
 10650 | Lair:1   | You fall into a shaft and drop 1 floor!
 10652 | Lair:2   | Reached ***** piety under Jiyva
 10712 | Lair:2   | Found a staircase to the Snake Pit.
 10917 | Lair:2   | Reached skill level 15 in Axes
 11024 | Lair:2   | Lost mutation: Your mind is very acute. (Int +8, Str/Dex
                  | -2) [Jiyva's grace]
 11024 | Lair:2   | Lost mutation: You are extremely robust. (+30% HP) [Jiyva's
                  | grace]
 11024 | Lair:2   | Lost mutation: You are very robust. (+20% HP) [Jiyva's
                  | grace]
 11024 | Lair:2   | Gained mutation: You passively map a small area around you.
                  | [Jiyva's grace]
 11024 | Lair:2   | Gained mutation: You passively map the area around you.
                  | [Jiyva's grace]
 11024 | Lair:2   | Gained mutation: You passively map a large area around you.
                  | [Jiyva's grace]
 11024 | Lair:2   | Gained mutation: You possess an exceptional clarity of
                  | mind. [Jiyva's grace]
 11151 | Lair:2   | Found a dark tunnel.
 11164 | Volcano  | Entered a volcano
 11207 | Volcano  | Noticed a two-headed ogre
 11217 | Volcano  | Killed a two-headed ogre
 11301 | Volcano  | Noticed a two-headed ogre
 11317 | Volcano  | Killed a two-headed ogre
 11706 | Lair:2   | Identified the +2 ring mail "Nam Hets" {Contam Fly rC+
                  | Int+4}
 11801 | Lair:2   | Found a staircase to the Shoals.
 12354 | Lair:3   | Reached ****** piety under Jiyva
 12632 | Lair:3   | Noticed Fannar
 12643 | Lair:3   | Reached skill level 16 in Axes
 12648 | Lair:3   | Killed Fannar
 12788 | Lair:3   | Noticed a six-headed hydra
 12803 | Lair:3   | HP: 3/109 [12-headed hydra (3)]
 12804 | Lair:3   | Mangled by a 12-headed hydra

Illustrated notes

Levels and vault maps discovered:
D:1:      scummos_arrival_gate, layout_loops_corners, serial_shops, shop,
          basic_ecumenical_altar
D:2:      cheibrodos_greedy_goblins, layout_basic, minmay_between, uniq_natasha
D:3:      layout_rooms, grunt_decor_resistance, kennysheep_jessica_study,
          uniq_terence
D:4:      layout_rooms, kennysheep_mini, serial_shops,
          nicolae_shop_competitors_out_of_business, nicolae_lakefront_shop,
          shop, nicolae_shop_advertising_works [nicolae_subvault_shop_adworks]
D:5:      layout_rooms, amcnicky_altar_gilded
D:6:      layout_cave_pools, marbit_many_paths, minmay_temple_entry_tees,
          gup_sewer_entry_bubbles
D:7:      layout_loops_ring, serial_shops, shop, uniq_maggie
D:8:      layout_rooms
D:9:      layout_roguey, mainiacjoe_overflow_alcove_2, roderic_lattice_a,
          uniq_prince_ribbit1
D:10:     layout_layer_cave, nemelex_spade_bored_becter, xom_redecorated,
          erik_lair_orcish_takeover, ebering_ghost_inner_flame
Temple:   minmay_temple_bridge_d
Lair:1:   layout_loops_ring, nicolae_lair_grazing_beasts
          [nicolae_sub_lair_graze_edge, nicolae_sub_lair_graze_edge,
          nicolae_sub_lair_graze_edge, nicolae_sub_lair_graze_edge]
Lair:2:   layout_cave_pods, elwin_shoals_entry_rooms,
          minmay_snake_entry_guardpost_small, enter_volcano_3,
          infiniplex_staircase_pool_2
Lair:3:   layout_regular_city, uniq_fannar

Skill      XL: |  1  2  3  4  5  6  7  8  9 10 11 12 |
---------------+-------------------------------------+-----
Axes           | 2 3 4 5 7 9 11 12 14 16 | 16.0
Armour         | 3 4 5 6 |  6.9
Shields        | 3 4 5 |  5.8
Fighting       | 4 5 6 8 9 |  9.3
Dodging        | 1 2 4 |  4.3
Stealth        | 1 2 |  2.0

Action                   |  1- 3 |  4- 6 |  7- 9 | 10-12 || total
-------------------------+-------+-------+-------+-------++-------
Melee: War axe           |   100 |   149 |   316 |   541 ||  1106
       Kick              |     9 |    35 |    85 |   194 ||   323
       Headbutt          |       |       |    53 |   143 ||   196
Invok: Slimify           |       |       |       |     1 ||     1
  Use: Scroll            |     4 |    10 |     8 |     8 ||    30
       Potion            |       |     4 |     2 |     3 ||     9
 Stab: Distracted        |       |       |       |     1 ||     1
       Sleeping          |       |       |       |     2 ||     2
Armor: Scale mail        |    48 |    19 |       |       ||    67
       Plate armour      |       |    78 |   210 |    84 ||   372
       Troll leather arm |       |       |       |   189 ||   189
Dodge: Dodged            |    43 |    55 |    55 |   273 ||   426
Block: Buckler           |    21 |    42 |    82 |   154 ||   299

Table legend: (Time is in decaauts)
 A = Elapsed time spent in this place.
 B = Non-inter-level travel time spent in this place.
 C = Inter-level travel time spent in this place.
 D = Time resting spent in this place.
 E = Time spent auto-exploring this place.
 F = Levels seen in this place.
 G = Mean time per level.
                   A        B        C        D        E       F      G
               +--------+--------+--------+--------+--------+-----+--------+
         Total |  12938 |  12199 |    739 |   1188 |   8286 |  16 |  808.6 |
       Dungeon |   9890 |   9166 |    724 |   1130 |   6296 |  10 |  989.0 |
        Temple |    242 |    242 |      0 |      0 |    213 |   1 |  242.0 |
          Lair |   2110 |   2095 |     15 |     23 |   1393 |   3 |  703.3 |
         Sewer |    214 |    214 |      0 |      0 |    108 |   1 |  214.0 |
       Volcano |    480 |    480 |      0 |     35 |    274 |   1 |  480.0 |
               +--------+--------+--------+--------+--------+-----+--------+

Top non-repeatable levels by time:
     D:1: 2221 daAuts
     D:2: 1333 daAuts
  Lair:2: 1185 daAuts
    D:10: 1172 daAuts
     D:4: 1039 daAuts
     D:9: 837 daAuts
     D:3: 761 daAuts
     D:5: 712 daAuts
     D:6: 662 daAuts
     D:7: 588 daAuts
     D:8: 561 daAuts
  Lair:3: 482 daAuts
 Volcano: 480 daAuts
  Lair:1: 442 daAuts
  Temple: 242 daAuts
